 Dungeon Crawl Stone Soup version 0.31-a0-204-g7da18cac08 (webtiles) character file.

Game seed: 18103688122725938807

102 qw the Shooter (level 4, -2/25 HPs)
             Began as a Deep Elf Hunter on June 27, 2023.
             Slain by a black bear (6 damage)
             ... on level 4 of the Dungeon.
             The game lasted 00:00:48 (2282 turns).

qw the Shooter (Deep Elf Hunter)                    Turns: 2282, Time: 00:00:49

Health: -2/25      AC:  4    Str: 10    XL:     4   Next: 50%
Magic:  6/6        EV: 12    Int: 14    God:
Gold:   68         SH:  0    Dex: 18    Spells: 3/3 levels left

rFire   . . .        Y - +0 shortbow
rCold   . . .        (shield currently unavailable)
rNeg    . . .        c - +0 leather armour
rPois   .            (no helmet)
rElec   .            (no cloak)
rCorr   .            (no gloves)
SInv    .            g - +0 pair of boots
Will    .....        d - amulet of faith
Stlth   ++           (no ring)
HPRegen 0.24/turn    (no ring)
MPRegen 0.10/turn

%: faith
@: no status effects
A: no striking features
a: no special abilities


You were on level 4 of the Dungeon.
You visited 1 branch of the dungeon, and saw 4 of its levels.

You collected 166 gold pieces.
You spent 98 gold pieces at shops.


   Skills:
 - Level 1.5 Fighting
 + Level 7.9 Ranged Weapons
 - Level 2.4 Dodging
 - Level 1.2 Stealth


You had 3 spell levels left.
You didn't know any spells.
Your spell library was empty.

Inventory:

Hand Weapons
 Y - a +0 shortbow (weapon)
Armour
 c - a +0 leather armour (worn)
 g - a +0 pair of boots (worn)
 j - a +0 ring mail
Jewellery
 d - an amulet of faith (around neck)
Scrolls
 k - a scroll of identify
Potions
 a - 2 potions of mutation
 b - a potion of enlightenment
 e - a potion of cancellation
 f - a potion of lignification {unknown}
 h - a potion of heal wounds {unknown}
 i - a potion of brilliance {unknown}

Dungeon Overview and Level Annotations

Branches:
Dungeon (4/15)
 Temple: D:4-7

Altars:

Shops:
D:2 *[(?=


Message History

You shoot an arrow. The arrow hits the black bear.
The black bear is lightly wounded.
You shoot an arrow.
The arrow hits the black bear but does no damage.
You shoot an arrow. The arrow hits the black bear!
The black bear is moderately wounded.
You shoot an arrow. The arrow barely misses the black bear.
The black bear bites you. The black bear closely misses you.
The black bear barely misses you.
You shoot an arrow.
The arrow completely misses the black bear.
The black bear bites you but does no damage.
The black bear barely misses you. x2
You shoot an arrow.
The arrow hits the black bear but does no damage.
The black bear is moderately wounded.
The black bear barely misses you. x3
You shoot an arrow.
The arrow hits the black bear but does no damage.
The black bear is moderately wounded.
The black bear bites you. The black bear closely misses you.
The black bear claws you.
You shoot an arrow. The arrow hits the black bear.
The black bear is moderately wounded.
The black bear bites you.
The black bear claws you but does no damage.
The black bear claws you.
You shoot an arrow. The arrow hits the black bear!
The black bear is heavily wounded.
The black bear bites you but does no damage.
The black bear misses you. The black bear closely misses you.
The black bear bites you.
The black bear claws you but does no damage. x2
You shoot an arrow. The arrow hits the black bear.
The black bear is severely wounded.
The black bear goes berserk!
You shoot an arrow. The arrow hits the black bear.
The black bear is almost dead.
The black bear bites you.
You die...

### ## #.# ...
###.######### ....
#..........#. .....####
#............
......h@####............
.....##.................
... ######............ .
#............
#............
..#.######... ###.# #...
.# ##.. .. ....


You could see a black bear (berserk).

Vanquished Creatures
  4 adders
  2 worms (D:2)
  An orc (D:3)
  3 ball pythons (D:3)
  7 endoplasms
  3 giant cockroaches
  7 hobgoblins
  2 jackals (D:2)
  4 kobolds
  A quokka (D:1)
  5 bats
  7 frilled lizards
  5 goblins
  5 rats
56 creatures vanquished.

Notes
Turn   | Place    | Note
-------+----------+-------------------------------------------
     0 | D:1      | qw the Deep Elf Hunter began the quest for the Orb.
     0 | D:1      | Reached XP level 1. HP: 12/12 MP: 3/3
     0 | D:1      | 0 ||| qw: Version: 0.3-a-22-g0ed2b0b
     0 | D:1      | 0 ||| qw: Game counter: 6411
     0 | D:1      | 0 ||| qw: Melee chars always use a shield: true
     0 | D:1      | 0 ||| qw: God list: Okawaru
     0 | D:1      | 0 ||| qw: Allow faded altars: false
     0 | D:1      | 0 ||| qw: Do Orc after clearing Dungeon:15 true
     0 | D:1      | 0 ||| qw: Do second Lair branch before Depths: true
     0 | D:1      | 0 ||| qw: Lair rune preference: random
     0 | D:1      | 0 ||| qw: Goals: Normal
     0 | D:1      | 0 ||| PLANNING D:1-11
   395 | D:1      | Reached skill level 6 in Ranged Weapons
   395 | D:1      | Reached XP level 2. HP: 16/16 MP: 4/4
   467 | D:1      | You fall into a shaft and drop 1 floor!
   486 | D:2      | Found Orrias's Weapon Shoppe.
   492 | D:2      | 492 ||| SHOPLISTING +2 arbalest of freezing (241 gold, have
                  | 47).
   502 | D:2      | 502 ||| UPGRADING to amulet of faith.
   507 | D:2      | 507 ||| READING scroll labelled SURHADD UHIJO.
   520 | D:2      | 520 ||| READING scroll labelled GOABLU MIBBATH.
   521 | D:2      | 521 ||| DROPPING scroll of butterflies.
   528 | D:2      | 528 ||| STAIRDANCE
   593 | D:1      | Reached XP level 3. HP: 20/20 MP: 5/5
   763 | D:2      | 763 ||| STAIRDANCE
   779 | D:2      | Found Jeigh's General Store.
   788 | D:2      | 788 ||| SHOPLISTING potion of mutation (96 gold, have 58).
   877 | D:2      | Found Edaukhle's Jewellery Shop.
   882 | D:2      | 882 ||| SHOPLISTING +6 ring of dexterity (360 gold, have
                  | 79).
   882 | D:2      | 882 ||| SHOPLISTING +6 ring of strength (360 gold, have
                  | 79).
   882 | D:2      | 882 ||| SHOPLISTING amulet of the acrobat (300 gold, have
                  | 79).
   882 | D:2      | 882 ||| SHOPLISTING ring of poison resistance (200 gold,
                  | have 79).
   882 | D:2      | 882 ||| SHOPLISTING ring of protection from fire (250 gold,
                  | have 79).
   894 | D:2      | Reached skill level 7 in Ranged Weapons
   897 | D:2      | Found Yfar's Armour Emporium.
   907 | D:2      | 907 ||| BUYING +0 pair of boots (58 gold).
   907 | D:2      | Bought a +0 pair of boots for 58 gold pieces
   907 | D:2      | 907 ||| SHOPLISTING +0 ring mail (52 gold, have 49).
   907 | D:2      | 907 ||| SHOPLISTING +0 scale mail (52 gold, have 49).
   907 | D:2      | 907 ||| SHOPLISTING +1 robe of resistance (425 gold, have
                  | 49).
   907 | D:2      | 907 ||| SHOPLISTING +3 scale mail "Viof" {rN+ Regen+
                  | Slay+5} (665 gold, have 49).
   907 | D:2      | 907 ||| SHOPLISTING +3 scale mail of willpower (338 gold,
                  | have 49).
  1086 | D:2      | Found a faded altar of an unknown god.
  1126 | D:2      | Reached XP level 4. HP: 9/25 MP: 6/6
  1314 | D:2      | Found Semaot's Magic Scroll Boutique.
  1317 | D:2      | 1317 ||| SHOPLISTING scroll of enchant armour (75 gold,
                  | have 61).
  1317 | D:2      | 1317 ||| BUYING scroll of identify (20 gold).
  1317 | D:2      | Bought a scroll of identify for 20 gold pieces
  1317 | D:2      | 1317 ||| BUYING scroll of identify (20 gold).
  1317 | D:2      | Bought a scroll of identify for 20 gold pieces
  1480 | D:2      | 1480 ||| UPGRADING to +0 pair of boots.
  1485 | D:2      | 1485 ||| DROPPING amulet of guardian spirit.
  1486 | D:2      | 1486 ||| DRINKING 2 purple potions.
  1487 | D:2      | 1487 ||| READING 2 scrolls of identify.
  1487 | D:2      | 1487 ||| IDENTIFYING fizzy grey potion
  2125 | D:3      | 2125 ||| READING scroll labelled WODESU LUOMOZ.
  2126 | D:3      | 2126 ||| READING scroll labelled IPSUKAINEH.
  2227 | D:3      | 2227 ||| READING 2 scrolls of identify.
  2227 | D:3      | 2227 ||| IDENTIFYING metallic brown potion
  2270 | D:4      | Noticed a black bear
  2279 | D:4      | HP: 5/25 [black bear (4)]
  2282 | D:4      | Slain by a black bear

Levels and vault maps discovered:
D:1:      dpeg_chamrin_arrival_tetris, layout_basic
D:2:      layout_loops_cross, hellmonk_ecumenical_altar_slurped_away,
          serial_shops, nicolae_shop_rolled_up, shop, shop,
          nicolae_diamond_shop, nicolae_diamond_shop
D:3:      layout_loops_ring
D:4:      layout_rooms, dreamdust_mushroom_princess, nrook_loot_triangle,
          dk_noncrumbling_2, uniq_duvessa, uniq_crazy_yiuf_cottage, uniq_grinder

Skill      XL: |  1  2  3 |
---------------+----------+-----
Ranged Weapons | 6 7 |  7.9
Fighting       | |  1.5
Dodging        | |  2.4
Stealth        | |  1.2

Action                     |  1- 3 |  4- 6 || total
---------------------------+-------+-------++-------
   Fire: Shortbow          |    99 |    88 ||   187
    Use: Scroll            |     2 |     4 ||     6
         Potion            |       |     1 ||     1
 Armour: Leather armour    |    11 |    14 ||    25
  Dodge: Dodged            |    31 |    29 ||    60

Table legend:
 A = Non-vault XP
 B = Vault XP
 C = Vault XP percentage of total XP
 D = Non-vault monster count
 E = Vault monster count
 F = Vault count percentage of total count
                 A         B        C        D         E       F
            +---------+---------+-------+---------+---------+-------
      Total |     145 |       2 |   1.4 |      55 |       1 |   1.8
            +---------+---------+-------+---------+---------+-------
        D:1 |      23 |       0 |   0.0 |      15 |       0 |   0.0
        D:2 |      76 |       2 |   2.6 |      20 |       1 |   4.8
        D:3 |      44 |       0 |   0.0 |      19 |       0 |   0.0
        D:4 |       2 |       0 |   0.0 |       1 |       0 |   0.0
            +---------+---------+-------+---------+---------+-------
